 Dungeon Crawl Stone Soup version 0.19.1 (webtiles) character file.

98 MirrMurr the Cudgeler (level 4, -2/27 HPs)
             Began as a Gargoyle Gladiator on Dec 21, 2016.
             Slain by Sigmund
             ... wielding a +0 scythe
              (11 damage)
             ... on level 2 of the Dungeon.
             The game lasted 00:03:32 (1693 turns).

MirrMurr the Cudgeler (Gargoyle Gladiator)          Turns: 1693, Time: 00:03:33

Health: -2/27      AC: 10    Str: 18    XL:     4   Next: 71%
Magic:  4/4        EV: 11    Int:  9    God:
Gold:   118        SH:  3    Dex: 11    Spells: 0 memorised, 3 levels left

rFire  . . .     SeeInvis .     a - +0 flail
rCold  . . .     Gourm    .     h - +0 ring mail
rNeg   + . .     Faith    .     (no shield)
rPois  ∞         Spirit   .     c - +1 helmet
rElec  +         Reflect  +     (no cloak)
rCorr  .         Harm     .     (no gloves)
MR     .....                    (no boots)
Stlth  +.........               b - +3 amulet of reflection
                                (no ring)
                                (no ring)

@: no status effects
A: negative energy resistance 1, electricity resistance, unbreathing,
petrification resistance, rot immunity, AC +3
a: no special abilities


You were on level 2 of the Dungeon.
You were not hungry.

You visited 1 branch of the dungeon, and saw 2 of its levels.

You collected 118 gold pieces.

Inventory:

Hand Weapons
 a - a +0 flail (weapon)
Missiles
 i - 33 poisoned needles
 j - 50 stones (quivered)
Armour
 c - a +1 helmet (worn)
 h - a +0 ring mail (worn)
Jewellery
 b - a +3 amulet of reflection (around neck)
 n - an uncursed ring of fire {unknown}
Scrolls
 r - 2 scrolls of remove curse
Potions
 e - 3 potions of heal wounds
 k - 2 potions of curing {unknown}
 m - a potion of haste
 p - 3 potions of flight {unknown}
 q - a potion of might {unknown}
Comestibles
 f - a bread ration
 g - a slice of pizza
 l - a chunk of flesh
 o - a meat ration


   Skills:
 + Level 2.4 Fighting
 * Level 4.6 Maces & Flails
 + Level 1.7 Throwing
 + Level 1.0 Armour
 + Level 2.8 Dodging


You had 3 spell levels left.
You didn't know any spells.

Dungeon Overview and Level Annotations

Branches:
Dungeon (2/15)

Altars:
Ashenzari
Yredelemnul

Annotations:
D:2 Sigmund


Innate Abilities, Weirdness & Mutations

You are resistant to torment.
Your stone body is resilient. (AC +3)
You are immune to poison.
You resist negative energy. (rN+)
You are resistant to electric shocks. (rElec)
You can survive without breathing.
You are immune to petrification.
You are immune to rotting.


Message History

Something wriggles in the net.
You hear some strange, mumbled words.
A puff of flame appears from out of thin air!
The puff of flame hits you!
Something wriggles in the net.
The worm struggles against the net.
You see here an adder corpse.
You hit something.
The worm struggles against the net.
You hit something.
Something wriggles in the net.
You hit something.
Something wriggles in the net.
The worm struggles against the net.
Throwing (i - inventory. (,) - cycle):
d - a throwing net (quivered)
Press: ? - help, Shift-Dir - straight line, f/p - worm
Aim: a worm (entangled in a net)
You throw a throwing net.
Something wriggles in the net.
You hit something.
Something wriggles in the net.
All of a sudden the net rips apart!
The worm struggles against the net.
You thump something! You block something's attack.
The worm struggles against the net.
You barely miss something. Something hits you!
You die...

#.........# #...# #.#...
#.........# #...# #.#.##
##......#..### #...# #.#...
.......w.....# #...# #.....
#......##..#.# ###...### ####.#
###..#.##..#.###.......# #.#
#..........{..w....#.########.#
####.##.##.###{##...........#..
#.##.##.# #@###...######.###
#.......# #.##....# #.#
####.#### #.......# #.# #.#
#.##.#.## #.# #.### #......#
#.# #...# ####.### ###.# ###.#
#.....# #...# #.# #.....# #.###
##.## #.....#####.####


You could see a worm (caught).

Vanquished Creatures
  A gnoll (D:1)
  4 adders (D:2)
  A worm (D:2)
  A dart slug (D:1)
  A leopard gecko (D:1)
  3 giant cockroaches
  7 hobgoblins
  2 jackals (D:1)
  2 quokkas (D:2)
  3 bats (D:1)
  A frilled lizard (D:1)
  8 goblins
  6 kobolds (D:1)
  4 rats (D:1)
44 creatures vanquished.

Notes
Turn   | Place    | Note
-------+----------+-------------------------------------------
     0 | D:1      | MirrMurr the Gargoyle Gladiator began the quest for the Orb.
     0 | D:1      | Reached XP level 1. HP: 12/12 MP: 1/1
   104 | D:1      | Reached XP level 2. HP: 17/17 MP: 2/2
   479 | D:1      | Reached XP level 3. HP: 20/22 MP: 3/3
   657 | D:1      | Found a shattered altar of Ashenzari.
   930 | D:1      | Reached skill level 4 in Maces & Flails
  1330 | D:2      | Reached XP level 4. HP: 27/27 MP: 4/4
  1604 | D:2      | Found a basalt altar of Yredelemnul.
  1659 | D:2      | Noticed Sigmund
  1683 | D:2      | Reached skill level 1 in Armour
  1693 | D:2      | Slain by Sigmund

Skill      XL: |  1  2  3  4 |
---------------+-------------+-----
Maces & Flails | 4 |  4.6
Armour         | 1 |  1.0
Fighting       | |  2.4
Throwing       | |  1.7
Dodging        | |  2.8

Action                   |  1- 3 |  4- 6 || total
-------------------------+-------+-------++-------
Melee: Flail             |   127 |    36 ||   163
Throw: Throwing net      |       |     3 ||     3
  Use: Scroll            |     3 |     4 ||     7
  Eat: Chunk             |     1 |     2 ||     3
Armor: Leather armour    |     9 |       ||     9
       Ring mail         |    59 |    10 ||    69
Dodge: Dodged            |    84 |    13 ||    97
Block: Other             |       |     4 ||     4
